 Dungeon Crawl Stone Soup version 0.26-a0-854-gdc81c2f471 (webtiles) character file.

Game seed: 10950264307319670559

52759 ANON1729 the Grappler (level 14, -1/117 (118) HPs)
             Began as a Pale Draconian Transmuter on Nov 22, 2020.
             Was a High Priest of Fedhas.
             Slain by a hornet (5 damage)
             ... while paralysed by a hornet
             ... on level 5 of the Lair of Beasts.
             The game lasted 01:00:05 (27146 turns).

ANON1729 the Grappler (Pale Draconian Transmuter)  Turns: 27146, Time: 01:00:06

HP:   -1/117 (118)  AC:  8    Str: 17    XL:     14   Next: 28%
MP:   26/26         EV:  2    Int: 24    God:    Fedhas [*****.]
Gold: 1278          SH:  0    Dex:  7    Spells: 8/29 levels left

rFire    + + .     SeeInvis .     - Unarmed
rCold    . . .     Faith    .   (shield currently unavailable)
rNeg     + . .     Spirit   .   (armour unavailable)
rPois    .         Reflect  +   (helmet restricted)
rElec    .         Harm     .   (no cloak)
rCorr    .         Rampage  .   (gloves currently unavailable)
MR       ++...                  (no boots)
Stlth    +.........             M - amulet of reflection
HPRegen  0.29/turn              Z - ring of Luuc {rN+ MR+ Str+7 Dex-4 Stlth-}
MPRegen  0.20/turn              d - ring "Gane" {*Drain rF++ Str-4 Int+6 Stlth+}

@: paralysed, lethally poisoned (-1 -> -9), short of breath, blade hands
(expiring), wereblooded, slowed
A: breathe steam, unfitting armour, cold-blooded, AC +8
a: Breathe Steam, End Transformation, Wall of Briars, Grow Ballistomycete,
Overgrow, Grow Oklob, Renounce Religion


You were on level 5 of the Lair of Beasts.
You worshipped Fedhas.
Fedhas was extremely pleased with you.
You had blades for hands.
You visited 3 branches of the dungeon, and saw 19 of its levels.
You also visited: Bailey and Ice Cave.

You collected 1588 gold pieces.
You spent 310 gold pieces at shops.

Inventory:

Missiles
 n - 4 datura-tipped darts
 x - 6 atropa-tipped darts
 K - 3 throwing nets (quivered)
 L - 8 curare-tipped darts
Armour
 e - a cursed +0 pair of gloves (melded)
Jewellery
 d - the ring "Gane" (right scythe-like blade) {*Drain rF++ Str-4 Int+6 Stlth+}
   (You found it in an ice cave)

   [ring of intelligence]

   It affects your strength (-4).
   It affects your intelligence (+6).
   It greatly protects you from fire.
   It causes draining when unequipped.
   It makes you more stealthy.
 l - a +4 ring of slaying {unknown}
 t - an uncursed ring of poison resistance
 F - an uncursed amulet of faith {unknown}
 I - an uncursed ring of protection from cold
 J - an uncursed ring of see invisible {unknown}
 M - an amulet of reflection (around neck)
 P - an uncursed ring of protection from fire {unknown}
 X - an uncursed ring of wizardry
 Y - a +6 ring of strength
 Z - the ring of Luuc (left scythe-like blade) {rN+ MR+ Str+7 Dex-4 Stlth-}
   (You found it in an ice cave)

   [ring of attention]

   It affects your strength (+7).
   It affects your dexterity (-4).
   It protects you from negative energy.
   It affects your resistance to hostile enchantments.
   It makes you less stealthy.
Wands
 h - a wand of acid (7)
 k - a wand of flame (26)
 r - a wand of paralysis (8)
 u - a wand of polymorph (35)
 v - a wand of random effects (16)
 y - a wand of enslavement (17)
 R - a wand of digging (12)
Scrolls
 b - 9 scrolls of teleportation
 c - 3 scrolls of enchant weapon
 f - 9 scrolls of remove curse
 i - a scroll of immolation
 j - 2 scrolls of random uselessness
 m - 9 scrolls of amnesia
 w - 2 scrolls of magic mapping
 z - a scroll of fog {unknown}
 A - 5 scrolls of vulnerability
 C - 2 scrolls of holy word
 D - 2 scrolls of fear
 N - a scroll of blinking
 O - 2 scrolls of identify
 Q - a scroll of enchant armour
 S - a scroll of silence
Potions
 g - 2 potions of invisibility
 o - 3 potions of resistance
 p - 3 potions of might
 q - 2 potions of haste
 s - 5 potions of brilliance
 B - 6 potions of curing
 E - 2 potions of lignification
 G - a potion of mutation
 H - 2 potions of magic
 T - 3 potions of cancellation
 U - a potion of heal wounds
Miscellaneous
 a - a phantom mirror (inert)


   Skills:
 + Level 9.1 Fighting
 + Level 7.8 Dodging
 * Level 12.0 Unarmed Combat
 + Level 8.0 Spellcasting
 * Level 11.8 Transmutations
 + Level 6.9 Ice Magic
 + Level 7.0 Poison Magic
 * Level 9.5 Invocations


You had 8 spell levels left.
You knew the following spells:

 Your Spells              Type           Power        Failure   Level
a - Beastly Appendage     Tmut           ######       6%          1
b - Wereblood             Tmut           ######..     7%          2
c - Spider Form           Tmut/Pois      ######....   11%         3
d - Blade Hands           Tmut           ######....   17%         5
e - Ice Form              Ice/Tmut       ######..     17%         4
f - Ignite Poison         Fire/Tmut/Pois #####...     19%         3
g - Ozocubu's Armour      Ice            #####...     16%         3

Your spell library contained the following spells:

 Spells                   Type           Power        Failure   Level
 Freeze                   Ice            ####         11%         1
 Frozen Ramparts          Ice            #####.       16%         3
 Poisonous Vapours        Pois/Air       ####..       22%         2
 Animate Skeleton         Necr           #.....       36%         1
 Apportation              Tloc           #.....       36%         1
 Corona                   Hex            #......      36%         1
 Foxfire                  Conj/Fire      #...         36%         1
 Magic Dart               Conj           #...         36%         1
 Summon Small Mammal      Summ           #...         36%         1
 Mephitic Cloud           Conj/Pois/Air  ###.....     41%         3
 Searing Ray              Conj           #.....       45%         2
 Hailstorm                Conj/Ice       ####....     56%         4
 Summon Ice Beast         Ice/Summ       ####....     56%         4
 Conjure Flame            Conj/Fire      #.......     61%         3
 Dazzling Flash           Conj/Hex       #.....       61%         3
 Inner Flame              Hex/Fire       #.......     61%         3
 Fulminant Prism          Conj/Hex       #.........   89%         4
 Iskenderun's Mystic Bla  Conj/Tloc      #.......     89%         4
 Sticky Flame             Conj/Fire      #.......     89%         4
 Fireball                 Conj/Fire      #.........   99%         5
 Freezing Cloud           Conj/Ice/Air   ###.......   100%        6
 Starburst                Conj/Fire      #.........   100%        6
 Ignition                 Fire           #.........   100%        8


Dungeon Overview and Level Annotations

Branches:
Dungeon (12/15)            Temple (1/1) D:4            Lair (6/6) D:8
 Shoals (0/4) Lair:4        Snake (0/4) Lair:2        Slime (0/5) Lair:5
    Orc (0/2) D:9          Bailey (visited)           IceCv (visited)

Altars:
Ashenzari
Cheibriados
Dithmenos
Elyvilon
Fedhas
Gozag
Hepliaklqana
Kikubaaqudgha
Makhleb
Nemelex Xobeh
Okawaru
Qazlal
Ru
Sif Muna
Trog
Uskayaw
Vehumet
Wu Jian
Xom
Yredelemnul
Zin
The Shining One
Jiyva

Shops:
D:8 !

Annotations:
Lair:1 exclusion: hydra
Lair:5 3 runed translucent doors, exclusion: downstairs, Zadkiel's ghost, journeyman GnWr
Lair:6 Josephine


Innate Abilities, Weirdness & Mutations

You can breathe blasts of scalding, opaque steam.
Your pale cyan-grey scales are hard. (AC +8)
You cannot fit into any form of body armour.
You are cold-blooded and may be slowed by cold attacks.


Message History

Your transformation is almost over.
You feel sick.
There is a stone staircase leading down here.
You hit the hornet.
The hornet is severely wounded.
You feel sick. The hornet stings you!
* * * LOW HITPOINT WARNING * * *
You suddenly lose the ability to move!
The yak gores you.
* * * LOW HITPOINT WARNING * * *
The yak gores you.
* * * LOW HITPOINT WARNING * * *
You howl as the wereblood boils in your veins!
The hornet stings you!
* * * LOW HITPOINT WARNING * * *
You are more poisoned.
You feel yourself slow down. The yak gores you!
* * * LOW HITPOINT WARNING * * *
The hornet stings you.
You die...
Fedhas appreciates your contribution to the ecosystem.

### ### ##.# #.###..##
##......## #######
###.......###.#P#P####
###
#....................###
#..
##....#................#
##..
##..####....Y@........##
#... #..#
##....y.Y........# ##...
#.## #P...............#
#.... ##.#
#................####P..
#..#
##................P##P..
####
#................###...
###P............####...
##............#.#....
#.##.............##.


You could see 2 yaks and a hornet.

Vanquished Creatures
  Rupert (Lair:5)
  Kirke (Lair:5)
  Harold (D:9)
  7 hydras
  2 ice dragons (IceCv)
  A two-headed ogre (D:10)
  3 death yaks (Lair:5)
  Sonja (Lair:5)
  A wolf spider zombie (D:10)
  A lindwurm (Lair:3)
  2 cyclopes
  An ugly thing (D:11)
  A deep elf mage (D:12)
  12 elephants
  A black mamba (Lair:6)
  2 ice statues (IceCv)
  A torpor snail (Lair:3)
  6 cane toads
  Psyche (D:9)
  Maggie (Lair:2)
  7 rime drakes
  4 komodo dragons
  The ghost of UristMcRaven the Sneak, a novice OpEE (D:4)
  5 trolls
  2 polar bears (Lair:3)
  2 tyrant leeches (Lair:4)
  Prince Ribbit (D:6)
  The ghost of Descartes the Blocker, an amateur FoFi (D:4)
  The ghost of stillor the Caller, an amateur GnSu of Sif Muna (D:4)
  6 dream sheep (Lair:4)
  20 blink frogs
  A snapping turtle (Lair:4)
  2 wraiths (Lair:5)
  A spriggan (shapeshifter) (D:11)
  A water elemental (D:12)
  6 hogs (Lair:5)
  32 yaks
  11 wyverns
  A basilisk (Lair:4)
  4 swamp worms
  2 nagas (Lair:2)
  9 water moccasins
  A necrophage (D:7)
  4 sky beasts
  17 ice beasts
  A black bear (D:11)
  7 orc warriors
  An eye of draining (D:9)
  A phantom (D:9)
  5 ogres
  The ghost of ANON1729 the Poker, an amateur MfGl (D:4)
  5 centaurs
  10 wolves
  Blork the orc (D:5)
  2 big kobolds
  10 bullfrogs
  2 scorpions
  2 wyvern skeletons
  14 killer bees
  3 wights (D:4)
  2 howler monkeys
  4 electric eels
  A quasit (D:9)
  5 hounds
  5 jellies
  3 bullfrog zombies
  2 centaur skeletons
  9 orc priests
  A bullfrog skeleton (D:7)
  4 iguanas
  17 orc wizards
  14 worker ants
  7 hell rats (Lair:4)
  2 hound zombies (D:7)
  A worker ant zombie (D:6)
  Robin (D:3)
  13 adders
  7 gnolls
  2 shadow imps (D:8)
  3 white imps
  An ufetubus (D:7)
  9 oozes (D:2)
  4 worms
  3 dart slugs (D:3)
  7 leopard geckos
  44 orcs
  6 ball pythons
  12 bats
  2 giant cockroaches
  16 goblins
  12 hobgoblins
  10 jackals
  25 kobolds
  6 quokkas
  2 frilled lizards
  A leopard gecko skeleton (D:4)
  4 rats
  A ballistomycete spore (IceCv)
  A butterfly (Lair:5)
523 creatures vanquished.

Vanquished Creatures (collateral kills)
  A hydra (Lair:4)
  3 blink frogs (Lair:1)
  2 yaks (D:8)
  2 wyverns (D:8)
  A basilisk (Lair:4)
  2 water moccasins
  A bullfrog (Lair:1)
  A hell rat (Lair:4)
  An adder (D:8)
  A white imp (D:10)
  15 ballistomycete spores
30 creatures vanquished.

Vanquished Creatures (others)
  3 oklob plants (Lair:5)
  An elephant (Lair:5)
  An ufetubus (D:7)
  A jackal (D:7)
  A ballistomycete spore (IceCv)
  A bush (D:8)
  35 fungi
  64 plants
  8 toadstools (D:2)
  2 withered plants (D:4)
117 creatures vanquished.

Grand Total: 670 creatures vanquished

Notes
Turn   | Place    | Note
-------+----------+-------------------------------------------
     0 | D:1      | ANON1729 the Draconian Transmuter began the quest for the
                  | Orb.
     0 | D:1      | Reached XP level 1. HP: 16/16 MP: 3/3
   434 | D:1      | Reached XP level 2. HP: 20/23 MP: 5/5
   881 | D:2      | Reached XP level 3. HP: 29/29 MP: 4/6
  1013 | D:2      | Reached XP level 4. HP: 9/36 MP: 7/7
  1473 | D:2      | Reached XP level 5. HP: 8/41 MP: 6/9
  1892 | D:2      | Reached skill level 4 in Unarmed Combat
  1982 | D:2      | Learned a level 2 spell: Wereblood
  2460 | D:3      | Noticed Robin
  2477 | D:3      | Killed Robin
  2478 | D:3      | Reached XP level 6. HP: 39/50 MP: 7/10
  3491 | D:4      | Found a staircase to the Ecumenical Temple.
  3509 | Temple   | Entered the Ecumenical Temple
  4130 | D:4      | Reached skill level 5 in Unarmed Combat
  4302 | D:5      | Entered Level 5 of the Dungeon
  4497 | D:5      | Your scales start taking on a pale cyan-grey colour.
  4497 | D:5      | Reached XP level 7. HP: 52/57 MP: 7/11
  4850 | D:5      | Noticed Blork the orc
  4863 | D:5      | Killed Blork the orc
  5095 | D:5      | Reached skill level 5 in Transmutations
  5197 | D:5      | Found a blossoming altar of Fedhas.
  5218 | D:5      | Reached XP level 8. HP: 45/66 MP: 13/13
  5472 | D:4      | Found a runed translucent gate.
  5473 | D:4      | Found a runed translucent gate.
  5474 | D:4      | Found a runed translucent gate.
  5475 | D:4      | Noticed Descartes's ghost (amateur FoFi)
  5475 | D:4      | Noticed ANON1729's ghost (amateur MfGl)
  5475 | D:4      | Noticed stillor's ghost (amateur GnSu)
  5477 | D:4      | Noticed UristMcRaven's ghost (novice OpEE)
  5517 | D:4      | Reached skill level 6 in Unarmed Combat
  6236 | D:6      | Found a glowing silver altar of Zin.
  6417 | D:6      | Noticed Prince Ribbit
  6432 | D:6      | Killed Prince Ribbit
  6495 | D:5      | Became a worshipper of Fedhas Madash
  7346 | D:7      | Learned a level 3 spell: Spider Form
  7352 | D:7      | Learned a level 5 spell: Blade Hands
  7357 | D:7      | Learned a level 4 spell: Ice Form
  7369 | D:7      | Reached skill level 7 in Unarmed Combat
  7379 | D:7      | Reached XP level 9. HP: 57/73 MP: 15/15
  7502 | D:7      | Reached skill level 5 in Fighting
  7502 | D:7      | Reached skill level 1 in Ice Magic
  7502 | D:7      | Reached skill level 1 in Poison Magic
  7518 | D:7      | Found a basalt altar of Yredelemnul.
  7518 | D:7      | Found a shadowy altar of Dithmenos.
  7575 | D:7      | Found a flagged portal.
  7576 | D:7      | Reached * piety under Fedhas
  7802 | Bailey   | Entered a bailey
  7802 | Bailey   | Noticed an orc knight
  8758 | D:7      | Reached skill level 5 in Spellcasting
  9161 | D:8      | Reached ** piety under Fedhas
  9162 | D:8      | Reached skill level 5 in Dodging
  9164 | D:8      | Reached skill level 8 in Unarmed Combat
  9296 | D:8      | Found a staircase to the Lair.
  9373 | D:8      | Reached XP level 10. HP: 73/82 MP: 11/17
  9459 | D:8      | Killed a wyvern
  9688 | D:8      | Found Ontoyvuh's Distillery.
  9696 | D:8      | Bought a potion of lignification for 30 gold pieces
  9696 | D:8      | Bought a potion of brilliance for 40 gold pieces
  9696 | D:8      | Bought a potion of mutation for 80 gold pieces
  9696 | D:8      | Bought a potion of magic for 80 gold pieces
  9696 | D:8      | Bought a potion of invisibility for 80 gold pieces
  9946 | D:8      | Found an ornate altar of the Wu Jian Council.
 10230 | D:9      | Found a broken altar of Ashenzari.
 10341 | D:9      | Reached skill level 1 in Invocations
 10677 | D:9      | Noticed Harold
 10684 | D:9      | Killed Harold
 10930 | D:9      | Noticed Psyche
 10938 | D:9      | Killed Psyche
 10939 | D:9      | Reached skill level 9 in Unarmed Combat
 11050 | D:9      | Found a staircase to the Orcish Mines.
 11100 | D:9      | Reached *** piety under Fedhas
 11612 | D:10     | Entered Level 10 of the Dungeon
 11641 | D:10     | Reached XP level 11. HP: 77/90 MP: 19/19
 11985 | D:10     | Noticed a two-headed ogre
 11994 | D:10     | Killed a two-headed ogre
 12641 | D:10     | Reached **** piety under Fedhas
 13155 | D:11     | Noticed a green ugly thing
 13164 | D:11     | Killed a green ugly thing
 14453 | D:12     | Noticed a deep elf mage
 14462 | D:12     | Killed a deep elf mage
 14463 | D:12     | Reached skill level 5 in Invocations
 15361 | D:12     | Reached ***** piety under Fedhas
 15742 | Lair:1   | Entered Level 1 of the Lair of Beasts
 15885 | Lair:1   | Reached skill level 10 in Unarmed Combat
 15893 | Lair:1   | Reached XP level 12. HP: 78/99 MP: 19/21
 16096 | Lair:1   | Reached skill level 5 in Ice Magic
 16102 | Lair:1   | Reached skill level 5 in Poison Magic
 16381 | Lair:1   | Noticed a seven-headed hydra
 16741 | Lair:1   | Reached skill level 10 in Transmutations
 17188 | Lair:2   | Noticed Maggie
 17207 | Lair:2   | Killed Maggie
 17320 | Lair:2   | Found a staircase to the Snake Pit.
 17622 | Lair:2   | Noticed a seven-headed hydra
 17634 | Lair:2   | Killed a seven-headed hydra
 18628 | Lair:3   | Found a frozen archway.
 18637 | IceCv    | Entered an ice cave
 19446 | IceCv    | Noticed an ice dragon
 19450 | IceCv    | Noticed an ice dragon
 19470 | IceCv    | Killed an ice dragon
 19484 | IceCv    | Killed an ice dragon
 19485 | IceCv    | Reached XP level 13. HP: 66/106 MP: 13/23
 19702 | IceCv    | Got a translucent lead ring
 19733 | IceCv    | Identified the ring of Luuc {rN+ MR+ Str+7 Dex-4 Stlth-}
                  | (You found it in an ice cave)
 19741 | IceCv    | Got a coiled copper ring
 19743 | IceCv    | Identified the ring "Gane" {*Drain rF++ Str-4 Int+6 Stlth+}
                  | (You found it in an ice cave)
 20102 | Lair:3   | Reached skill level 11 in Unarmed Combat
 24401 | Lair:4   | Found a staircase to the Shoals.
 24643 | Lair:5   | Noticed Rupert
 24665 | Lair:5   | Killed Rupert
 24850 | Lair:5   | Found a runed translucent gate.
 24850 | Lair:5   | Noticed a death ooze
 24850 | Lair:5   | Noticed Kirke
 24911 | Lair:5   | Killed Kirke
 24912 | Lair:5   | Reached XP level 14. HP: 67/115 MP: 23/25
 25232 | Lair:5   | Noticed Sonja
 25238 | Lair:5   | Killed Sonja
 25383 | Lair:5   | Found a runed translucent gate.
 25383 | Lair:5   | Found a runed translucent gate.
 25387 | Lair:5   | Noticed Zadkiel's ghost (journeyman GnWr)
 25392 | Lair:5   | Found a viscous altar of Jiyva.
 26086 | Lair:5   | Found a staircase to the Slime Pits.
 26417 | Lair:6   | Entered Level 6 of the Lair of Beasts
 26679 | D:4      | Killed Descartes's ghost
 26683 | D:4      | Killed UristMcRaven's ghost
 26686 | D:4      | Killed ANON1729's ghost
 26692 | D:4      | Killed stillor's ghost
 26737 | D:4      | Learned a level 3 spell: Ignite Poison
 26741 | D:4      | Learned a level 3 spell: Ozocubu's Armour
 27001 | Lair:6   | Reached skill level 12 in Unarmed Combat
 27141 | Lair:6   | Noticed Josephine
 27145 | Lair:5   | Paralysed by a hornet for 3 turns
 27146 | Lair:5   | HP: 4/117 [yak (11)]
 27146 | Lair:5   | Slain by a hornet

Illustrated notes

Levels and vault maps discovered:
D:1:      lightli_arrival_chessboard, layout_rooms
D:2:      cheibrodos_fertilizer, layout_loops_ring, chequers_garden
D:3:      layout_basic, uniq_robin
D:4:      layout_basic, minmay_temple_entry_overgrown, gammafunk_ghost_cemetery,
          kennysheep_generic_room_8
D:5:      layout_gridville, fedhas_ov_isle_minmay, uniq_blork_the_orc
D:6:      cheibrodos_thug_alley, layout_cave_pools, old_standard_altar,
          uniq_prince_ribbit1
D:7:      layout_gridville, chequers_temple_overflow_statue_of_worship,
          enter_bailey_3, nrook_pool_corridor, chequers_mini_garden,
          kennysheep_generic_room_16
D:8:      minmay_flawed_box, layout_rooms, general_overflow_altar,
          minmay_lair_entry_grove, serial_shops, nicolae_shop_waterfront
D:9:      layout_long_grid, nicolae_ashenzari_panopticon, orc_0_dummy,
          nicolae_water_bricks, uniq_psyche, uniq_harold
D:10:     layout_basic, minmay_microvault
D:11:     layout_layer_cave
D:12:     layout_basic
Temple:   regret_index_temple_sphere_string
Lair:1:   layout_cave_pods
Lair:2:   layout_cave_pods, guppyfry_snake_entry_garden,
          small_statue_intersection, chequers_serial_rivers_micro_d,
          chequers_serial_rivers_small_3, uniq_maggie
Lair:3:   layout_cave_pods, portal_ice_cave_rime, guppyfry_lair_drakes
Lair:4:   layout_gridlike, minmay_shoals_entry_hut, special_room
          [special_room_mythical_zoo], worms_lemuel
Lair:5:   layout_cave_pods, minmay_slime_entry_oklob_open, gammafunk_ghost_ooze,
          lemuel_fruit_fields, uniq_kirke, uniq_rupert, uniq_sonja
Lair:6:   hangedman_lair_tendril_chambers, layout_regular_city, wormcave,
          serial_rivers, chequers_serial_rivers_large_a,
          chequers_serial_rivers_small_b, chequers_serial_rivers_small_b,
          chequers_serial_rivers_micro_b, uniq_josephine

Skill      XL: |  1  2  3  4  5  6  7  8  9 10 11 12 13 14 |
---------------+-------------------------------------------+-----
Dodging        | 2 3 4 5 6 7 |  7.8
Fighting       | 2 3 4 5 6 7 8 9 |  9.1
Transmutations | 3 4 5 6 7 8 9 10 11 | 11.8
Unarmed Combat | 4 5 7 8 9 10 11 12 | 12.0
Spellcasting   | 3 4 5 6 7 8 |  8.0
Ice Magic      | 2 3 4 5 6 |  6.9
Poison Magic   | 2 3 4 5 6 7 |  7.0
Invocations    | 2 5 7 9 |  9.5

Action                   |  1- 3 |  4- 6 |  7- 9 | 10-12 | 13-15 || total
-------------------------+-------+-------+-------+-------+-------++-------
Melee: Unarmed           |   109 |   301 |   352 |   547 |   317 ||  1626
       Headbutt          |     5 |    18 |    29 |     3 |       ||    55
       Punch             |     2 |     6 |     6 |    15 |    14 ||    43
       Kick              |     6 |    37 |    49 |     4 |       ||    96
       Tailslap          |     6 |    25 |    40 |    39 |    27 ||   137
Throw: Dart              |       |     1 |     2 |       |       ||     3
       Throwing net      |       |       |       |       |     1 ||     1
 Cast: Beastly Appendage |    14 |    22 |    29 |     5 |       ||    70
       Wereblood         |       |     9 |     6 |    15 |     6 ||    36
       Blade Hands       |       |       |     2 |    71 |    34 ||   107
       Spider Form       |       |       |     2 |     1 |       ||     3
       Ice Form          |       |       |     1 |     1 |     6 ||     8
Invok: Grow Ballistomyce |       |       |       |     3 |     3 ||     6
       Grow Oklob        |       |       |       |     1 |     3 ||     4
       Wall of Briars    |       |       |       |     1 |     1 ||     2
 Abil: Breathe Steam     |       |       |    19 |    13 |    10 ||    42
       End Transformatio |       |       |       |       |     2 ||     2
Evoke: Wand              |       |     2 |    17 |     9 |     5 ||    33
       Phantom mirror    |       |       |       |       |     1 ||     1
  Use: Potion            |       |     4 |     1 |       |       ||     5
       Scroll            |       |     3 |     5 |    16 |     4 ||    28
 Stab: Sleeping          |       |     1 |     1 |       |       ||     2
       Distracted        |       |       |       |     1 |       ||     1
Armor: Skin              |    32 |    68 |    50 |    81 |    47 ||   278
Dodge: Dodged            |   125 |   259 |   338 |   436 |   181 ||  1339
Block: Other             |       |       |       |     8 |    54 ||    62
       Reflection        |       |       |       |     2 |     2 ||     4

Table legend: (Time is in decaauts)
 A = Elapsed time spent in this place.
 B = Non-inter-level travel time spent in this place.
 C = Inter-level travel time spent in this place.
 D = Time resting spent in this place.
 E = Time spent auto-exploring this place.
 F = Levels seen in this place.
 G = Mean time per level.
                   A        B        C        D        E       F      G
               +--------+--------+--------+--------+--------+-----+--------+
         Total |  27041 |  25500 |   1541 |   5119 |  16096 |  21 | 1287.7 |
       Dungeon |  15754 |  14707 |   1047 |   2745 |   9226 |  12 | 1312.8 |
        Temple |    151 |    143 |      8 |      0 |    143 |   1 |  151.0 |
          Lair |   9830 |   9346 |    484 |   1951 |   6197 |   6 | 1638.3 |
        Bailey |     39 |     39 |      0 |     20 |      0 |   1 |   39.0 |
      Ice Cave |   1264 |   1264 |      0 |    403 |    530 |   1 | 1264.0 |
               +--------+--------+--------+--------+--------+-----+--------+

Top non-repeatable levels by time:
  Lair:3: 2937 daAuts
  Lair:4: 2270 daAuts
  Lair:5: 1863 daAuts
     D:7: 1825 daAuts
     D:2: 1705 daAuts
     D:5: 1617 daAuts
    D:10: 1600 daAuts
     D:9: 1544 daAuts
     D:4: 1387 daAuts
    D:12: 1351 daAuts
  Lair:2: 1334 daAuts
  Lair:1: 1316 daAuts
   IceCv: 1264 daAuts
    D:11: 1076 daAuts
     D:3: 1034 daAuts
